 Dungeon Crawl Stone Soup version 0.30-a0-476-g330ca2eb8e (webtiles) character file.

Game seed: 4770842271907910846

380505 Mitcholas the Slayer (level 23, 0/181 (184) HPs)
             Began as a Djinni Conjurer on Dec 20, 2022.
             Was the Champion of Makhleb.
             Slain by a tentacled monstrosity (4 damage)
             ... on level 3 of the Vaults on Dec 21, 2022.
             The game lasted 04:19:28 (38494 turns).

Mitcholas the Slayer (Djinni Conjurer)             Turns: 38494, Time: 04:19:29

HP:   0/181 (184)   AC: 20    Str: 13      XL:     23   Next: 95%
Gold: 3599          EV: 15    Int: 30 (32) God:    Makhleb [******] SH:  9 Dex: 16

rFire   + + .      SeeInvis +    a - +11 lance "Wyrmbane" {slay drac, rPois rF+ rC+ AC+3}
rCold   + . .      Faith    .    U - +1 buckler of Fudit {Fly SInv}
rNeg    + + .      Spirit   .    F - +4 troll leather armour
rPois   ∞          Reflect  .    V - +2 helmet {Int+3}
rElec   .          Harm     .    m - +1 cloak of Xeerur {Fly rF- Will+++ Int+3}
rCorr   +          Rampage  .    Y - +2 pair of gloves {Str+3}
Will    +++++                    (boots unavailable)
Stlth   ++........               P - amulet "Nottiat" {Regen+ Str+4}
HPRegen 2.10/turn                j - ring of protection from cold
MPRegen 0.00/turn                d - ring of Haczofaqa {rN++ Will+ rCorr Int-3 Dex+2}

@: flying, very slightly contaminated, lightly drained
A: sickness immunity, fire resistance 2, cold vulnerability 1, float, innate
caster, HP casting, extra vitality 1, deterioration 1
}: 2/15 runes: decaying, gossamer
a: Renounce Religion, Minor Destruction, Lesser Servant of Makhleb, Major
Destruction, Greater Servant of Makhleb


You were on level 3 of the Vaults.
You worshipped Makhleb.
Makhleb was exalted by your worship.
You visited 8 branches of the dungeon, and saw 37 of its levels.
You visited 1 bazaar.
You also visited: Sewer, Ossuary, Bailey, Gauntlet and Ice Cave.

You collected 3961 gold pieces.
You spent 362 gold pieces at shops.

Inventory:

Hand Weapons
 a - the +11 lance "Wyrmbane" (weapon) {slay drac, rPois rF+ rC+ AC+3}
   (You took it off Maggie on level 6 of the Dungeon)

   It inflicts extra damage against dragons and draconians.
   AC:        It affects your AC (+3).
   rF:        It protects you from fire.
   rC:        It protects you from cold.
   rPois:     It protects you from poison.
Missiles
 s - 4 curare-tipped darts
 K - 5 throwing nets
 N - 9 atropa-tipped darts
 R - 14 silver javelins
 S - 5 datura-tipped darts
Armour
 m - the +1 cloak of Xeerur (worn) {Fly rF- Will+++ Int+3}
   (You found it on level 3 of the Elven Halls)

   Int:       It affects your intelligence (+3).
   rF:        It makes you vulnerable to fire.
   Fly:       It grants you flight.
   Will:      It greatly increases your willpower.
 r - a +0 kite shield of reflection
 F - a +4 troll leather armour (worn)
 U - the +1 buckler of Fudit (worn) {Fly SInv}
   (You bought it in a shop in a bazaar)

   SInv:      It lets you see invisible.
   Fly:       It grants you flight.
 V - a +2 helmet of intelligence (worn)
 Y - a +2 pair of gloves of strength (worn)
Jewellery
 d - the ring of Haczofaqa (right hand) {rN++ Will+ rCorr Int-3 Dex+2}
   (You acquired it on level 5 of the Dungeon)

   [ring of willpower]

   Int:       It affects your intelligence (-3).
   Dex:       It affects your dexterity (+2).
   rN:        It greatly protects you from negative energy.
   rCorr:     It protects you from acid and corrosion.
   Will:      It increases your willpower.
 j - a ring of protection from cold (left hand)
 G - a ring of wizardry
 P - the amulet "Nottiat" (around neck) {Regen+ Str+4}
   (You took it off a minotaur in a Gauntlet)

   [amulet of regeneration]

   Str:       It affects your strength (+4).
   Regen:     It increases your rate of health regeneration.
 Q - a ring of resist corrosion
Wands
 b - a wand of polymorph (4)
 e - a wand of flame (27)
 k - a wand of mindburst (33)
 D - a wand of roots (58)
 E - a wand of digging (3)
 M - a wand of acid (32)
Scrolls
 f - 5 scrolls of fog
 n - 16 scrolls of teleportation
 o - 7 scrolls of fear
 v - 2 scrolls of summoning
 x - 3 scrolls of enchant armour
 z - 9 scrolls of enchant weapon
 H - 7 scrolls of poison
 L - a scroll of silence
 X - 5 scrolls of blinking
Potions
 c - 6 potions of curing
 g - 10 potions of brilliance
 h - 6 potions of lignification
 i - 6 potions of mutation
 p - 3 potions of invisibility
 q - 12 potions of might
 t - 2 potions of resistance
 u - 8 potions of haste
 w - 5 potions of berserk rage
 A - 9 potions of heal wounds
 C - 5 potions of ambrosia
 J - 3 potions of cancellation
Miscellaneous
 l - a tin of tremorstones (2/2)
 B - a condenser vane
 W - a box of beasts


   Skills:
 + Level 21.0 Fighting
 - Level 11.0 Polearms
 - Level 6.0 Armour
 - Level 8.0 Dodging
 - Level 2.0 Stealth
 + Level 13.1 Shields
 * Level 18.8 Spellcasting
 - Level 12.0 Invocations
 - Level 8.0 Evocations


You couldn't memorise any spells.
You knew the following spells:

 Your Spells              Type           Power      Damage    Failure   Level
a - Magic Dart            Conj           100%       1d8       0%          1
b - Searing Ray           Conj           100%       2d8       0%          2
c - Dazzling Flash        Conj/Hex       100%       N/A       0%          3
d - Fulminant Prism       Conj/Hex       48%        3d21      0%          4
e - Iskenderun's Mystic   Conj/Tloc      96%        2d19      0%          4
f - Necrotise             Necr           100%       1d9       0%          1
g - Passwall              Tmut/Erth      80%        N/A       0%          2
h - Wereblood             Tmut           96%        N/A       0%          2
i - Animate Dead          Necr           96%        N/A       0%          4
j - Passage of Golubria   Tloc           96%        N/A       0%          4
k - Alistair's Intoxicat  Tmut/Pois      64%        N/A       1%          5
l - Statue Form           Tmut/Erth      64%        N/A       1%          6
m - Eringya's Noxious Bo  Tmut/Pois      48%        N/A       1%          6
n - Enfeeble              Hex            48%        N/A       1%          7
o - Lehudib's Crystal Sp  Conj/Erth      48%        10d11     6%          8
p - Infestation           Necr           48%        N/A       6%          8
Your spell library was empty.

Dungeon Overview and Level Annotations

Branches:
Dungeon (15/15)            Temple (1/1) D:7            Lair (5/5) D:8
  Swamp (4/4) Lair:3       Spider (4/4) Lair:3        Slime (0/5) Lair:5
    Orc (2/2) D:11            Elf (3/3) Orc:2        Vaults (3/5) D:14
 Depths (0/4) D:15          Sewer (visited)         Ossuary (visited)
 Bailey (visited)           IceCv (visited)         Gauntlet (visited)
  Crypt: Vaults:2-3

Altars:
Ashenzari
Cheibriados
Dithmenos
Elyvilon
Fedhas
Gozag
Hepliaklqana
Makhleb
Nemelex Xobeh
Okawaru
Qazlal
Ru
Trog
Uskayaw
Wu Jian
Xom
Yredelemnul
Zin
The Shining One
Jiyva
Lugonu

Shops:
Orc:2 ::*(   Vaults:2 (

Portals:
Abyss: Lair:5

Annotations:
Spider:1 Pesouf's ghost, adept MfHs
Elf:2 3 runed translucent doors


Innate Abilities, Weirdness & Mutations

You are immune to sickness and miasma.
You are immune to poison.
Your flesh is very heat resistant. (rF++)
You are vulnerable to cold. (rC-)
You float through the air rather than walking.
You learn spells naturally, not from books.
Your magical power is your life essence.
You have superior vitality. (+4 MHP)
Your body sometimes deteriorates upon taking damage.


Message History

The tentacled monstrosity is knocked back by the mystic blast.
The mystic blast hits the ironbound thunderhulk!!
The ironbound thunderhulk is severely wounded.
* * * LOW HITPOINT WARNING * * *
You block the ironbound thunderhulk's attack.
Casting: Iskenderun's Mystic Blast (safe; 0% risk of failure)
Confirm with . or Enter, or press ? or * to list all spells.
You erupt in a blast of force!
The mystic blast hits the cacodemon!!
The cacodemon is heavily wounded.
The cacodemon is knocked back by the mystic blast.
The cacodemon slams into the metal wall!
The cacodemon is heavily wounded.
The mystic blast hits the ironbound thunderhulk!!
The ironbound thunderhulk is almost dead.
The ironbound thunderhulk is knocked back by the mystic blast.
The ironbound thunderhulk slams into the metal wall!
The ironbound thunderhulk is almost dead.
* * * LOW HITPOINT WARNING * * *
You hear a shout!
A yaktaur comes into view.
Casting: Iskenderun's Mystic Blast (safe; 0% risk of failure)
Confirm with . or Enter, or press ? or * to list all spells.
You erupt in a blast of force!
The mystic blast hits the tentacled monstrosity!
The tentacled monstrosity is heavily wounded.
The tentacled monstrosity is knocked back by the mystic blast.
The tentacled monstrosity slams into the metal wall!
The tentacled monstrosity is heavily wounded.
* * * LOW HITPOINT WARNING * * *
The yaktaur wields a +0 arbalest.
The yaktaur shoots a bolt.
The bolt completely misses you. The cacodemon gestures at you.
Strange energies course through your body.
You feel yourself wasting away.
The tentacled monstrosity tentacle-slaps you.
* * * LOW HITPOINT WARNING * * *
The tentacled monstrosity tentacle-slaps you.
* * * LOW HITPOINT WARNING * * *
The tentacled monstrosity tentacle-slaps you.
You die...

... #....# .... ...
#....#a.... ....
#....#..... #
.....#....#......##
....#....'c ...'
....)....#####'##
#.)).)......#
#...........########
###O.@..............#.
......X.2.............#.
.................)....#.
####################..#.
#..#. #..'. #..#+ #....
######## #....


You could see a tentacled monstrosity, a cacodemon and an ironbound thunderhulk.

Vanquished Creatures
  An ancient lich (Vaults:3)
  Mara (Swamp:3)
  Jory (Vaults:2)
  Nikola (Swamp:1)
  Arachne (Spider:1)
  Zenata (Vaults:3)
  Mlioglotl (Swamp:3)
  A tentacled monstrosity (Vaults:3)
  3 deep elf blademasters (Elf:3)
  4 deep elf master archers (Elf:3)
  Asterion (Vaults:2)
  The ghost of Frod the Skirmisher, an adept HuHs of Vehumet (Swamp:4)
  4 sphinxes (Elf:3)
  Agnes (Spider:2)
  3 thorn hunters
  2 tengu reavers (Vaults:3)
  Kirke (Swamp:1)
  The ghost of Huashrat the Severer, an adept FoFi of Okawaru (D:15)
  2 azure jellies (IceCv)
  A frost giant (Vaults:3)
  3 fenstrider witches
  4 vault wardens
  Aizul (Swamp:2)
  A rockslime (IceCv)
  The ghost of logorrheac the Severer, a journeyman MiBe of Trog (Swamp:3)
  9 deep elf sorcerers
  5 emperor scorpions
  3 ghost moths
  5 deep elf elementalists
  10 ironbound preservers
  2 orc warlords
  7 quicksilver oozes (IceCv)
  3 broodmothers (Spider:4)
  2 very ugly things
  The ghost of zishaf the Fighter, a journeyman DgWn (Lair:4)
  A war gargoyle (Vaults:3)
  5 ironbound thunderhulks
  Nessos (Lair:3)
  9 eleionomae
  4 deep elf demonologists (Elf:3)
  A stone giant (Vaults:3)
  Azrael (Spider:3)
  2 spark wasps
  2 bunyips
  3 dire elephants (Vaults:1)
  2 minotaurs
  9 deep elf annihilators
  Snorg (D:12)
  2 crystal guardians
  8 yaktaur captains
  3 deep elf death magi (Elf:3)
  3 deep elf high priests
  A shambling mangrove (Swamp:4)
  6 entropy weavers
  3 great orbs of eyes
  The ghost of Ikywk the Unseen, a journeyman SpEn of Kikubaaqudgha (D:15)
  A rakshasa (D:15)
  4 fire dragons
  A great orb of eyes (shapeshifter) (Vaults:3)
  2 peacekeepers
  7 ghost crabs
  4 jorogumos
  23 hydras
  A spriggan air mage (Swamp:4)
  An ice dragon (D:15)
  Harold (Lair:1)
  7 two-headed ogres
  4 vault guards
  6 ironbound frosthearts
  2 centaur warriors
  2 ogre magi
  3 catoblepae
  2 radroaches
  12 dancing weapons
  8 boulder beetles
  A death knight (Vaults:3)
  Erica (D:8)
  3 orc high priests (Orc:2)
  13 death yaks
  10 alligators
  3 tengu warriors
  A soul eater (Gauntlet)
  A spriggan berserker (Swamp:4)
  3 thrashing horrors (Lair:5)
  12 deep elf knights
  4 pharaoh ants
  A fire crab (shapeshifter) (D:15)
  A sun moth (Spider:4)
  8 skeletal warriors
  5 spriggan druids
  21 deep trolls
  5 goliath frogs
  Amaemon (D:9)
  8 steelbarb worms
  A death drake (Swamp:4)
  An obsidian statue (Vaults:1)
  7 bog bodies
  19 deep elf archers
  11 swamp dragons
  2 glowing orange brains
  11 orb spiders
  2 orange crystal statues (IceCv)
  Pikel (D:6)
  A spectral hydra (Swamp:3)
  6 wizards
  8 lindwurms
  9 ironbound convokers
  A lindwurm (shapeshifter) (Elf:1)
  2 harpies (Elf:3)
  14 orc knights
  25 deep elf pyromancers
  25 deep elf zephyrmancers
  2 oklob plants
  16 wolf spiders
  A mana viper (shapeshifter) (Lair:5)
  A salamander (shapeshifter) (Elf:2)
  A worldbinder (Gauntlet)
  7 orc sorcerers
  17 ugly things
  9 manticores
  A shining eye (shapeshifter) (D:15)
  2 moths of wrath
  A will-o-the-wisp (Swamp:4)
  4 cyclopes
  An orange demon (D:9)
  7 vault sentinels
  A gargoyle (D:14)
  2 smoke demons (Lair:5)
  6 black mambas
  14 cane toads
  5 rime drakes
  4 torpor snails
  9 demonic crawlers
  3 unseen horrors (D:13)
  A freezing wraith (D:15)
  A yaktaur (shapeshifter) (Lair:5)
  Maggie (D:6)
  14 komodo dragons
  2 tengu conjurers
  15 yaktaurs
  An anaconda simulacrum (Elf:3)
  An ancient zyme (Lair:5)
  A polar bear (shapeshifter) (Elf:3)
  3 bloated husks
  A meliai (Spider:3)
  11 trolls
  10 tyrant leeches
  Grinder (D:3)
  18 tarantellas
  8 hornets
  A blink frog (shapeshifter) (Lair:5)
  3 dream sheep (Lair:4)
  5 large abominations (Elf:3)
  17 slime creatures
  25 blink frogs
  14 culicivoras
  A centaur simulacrum (D:14)
  A culicivora (shapeshifter) (Elf:3)
  24 jumping spiders
  Sigmund (D:4)
  A shadow (D:9)
  11 spriggans
  2 air elementals
  A wyvern (Lair:5)
  3 wraiths
  A dire elephant simulacrum (Elf:3)
  A hog (shapeshifter) (Elf:3)
  3 ynoxinuls (Lair:5)
  4 water elementals
  3 hogs (Swamp:1)
  7 basilisks
  40 yaks
  8 fire elementals
  20 vampire mosquitoes
  A chaos spawn (Lair:5)
  50 redbacks
  A steam dragon (D:10)
  2 wargs (Orc:1)
  16 swamp worms
  Menkaure (D:6)
  A harpy simulacrum (Elf:3)
  3 spriggan simulacra
  2 minotaur simulacra (Elf:3)
  Edmund (D:4)
  3 acid dragons
  A hydra simulacrum (Swamp:3)
  26 water moccasins
  4 hell hounds
  2 sky beasts
  2 black bears
  24 orc warriors
  2 ice beasts
  An alligator simulacrum (Elf:3)
  4 great orb of eyes simulacra (IceCv)
  6 swamp drakes
  A boggart (Gauntlet)
  3 ogres
  9 centaurs
  6 wolves
  A slime creature simulacrum (IceCv)
  A lemure (D:6)
  A phantom (D:7)
  20 small abominations
  4 kobold brigands
  16 bullfrogs
  A gnoll sergeant (D:9)
  2 necrophages
  A scorpion (D:5)
  3 earth elementals
  7 glowing shapeshifter simulacra (IceCv)
  10 wights
  8 killer bees
  7 howler monkeys
  A lindwurm simulacrum (Elf:3)
  An electric eel (Lair:2)
  3 lava snakes (D:12)
  20 orc priests
  6 hounds
  2 jellies
  6 iguanas
  Ijyb (D:3)
  Natasha (thrice) (D:3)
  14 orc wizards
  Terence (D:2)
  Robin (D:2)
  29 adders
  5 gnolls (D:9)
  A river rat (Sewer)
  6 shadow imps (Gauntlet)
  3 white imps
  2 ufetubi (D:5)
  2 worms
  A worm (shapeshifter) (Vaults:3)
  3 dart slugs
  78 orcs
  6 bats
  7 endoplasms
  3 giant cockroaches
  20 goblins
  8 hobgoblins
  3 jackals (D:1)
  2 quokkas (D:1)
  9 ball pythons
  2 ball python skeletons (Ossuary)
  4 frilled lizards (D:2)
  2 hobgoblin skeletons (Ossuary)
  15 kobolds
  An orc skeleton (Ossuary)
  2 orc zombies (Ossuary)
  2 quokka zombies (D:5)
  10 rats
  A spectral orc (D:8)
  9 briar patches (Swamp:4)
1445 creatures vanquished.

Vanquished Creatures (collateral kills)
  Saint Roka (Vaults:2)
  Donald (Vaults:2)
  A frost giant (Vaults:3)
  2 ironbound thunderhulks
  2 very ugly things (Vaults:2)
  A yaktaur captain (Vaults:2)
  An ugly thing (Vaults:2)
  An orc sorcerer (Vaults:2)
  A vault sentinel (Vaults:2)
  2 yaktaurs
  3 slime creatures (Vaults:2)
  2 wargs (Vaults:2)
  An orc warrior (Vaults:2)
  An orc wizard (Vaults:2)
  A worm (D:2)
  4 orcs (Vaults:2)
  A giant cockroach (D:2)
  2 kobolds (Sewer)
  A rat (Sewer)
29 creatures vanquished.

Vanquished Creatures (others)
  A tentacled monstrosity (Swamp:4)
  A ghost crab (Swamp:3)
  2 deep elf knights
  A bog body (Swamp:3)
  A swamp dragon (Swamp:4)
  A will-o-the-wisp (Swamp:4)
  A bunyip simulacrum (Swamp:3)
  2 bloated husks (Swamp:3)
  A hornet (Swamp:4)
  A spriggan (Swamp:4)
  A human (Swamp:1)
  A vampire mosquito (Swamp:3)
  A redback (Spider:3)
  An orc (Orc:2)
  2 briar patches (Swamp:4)
  8 foxfires (Swamp:4)
  195 fulminant prisms
  61 fungi
  42 plants
324 creatures vanquished.

Grand Total: 1798 creatures vanquished

Notes
Turn   | Place    | Note
-------+----------+-------------------------------------------
     0 | D:1      | Mitcholas the Djinni Conjurer began the quest for the Orb.
     0 | D:1      | Mitcholas set off with the following spells memorised:
                  | Magic Dart, Searing Ray, Dazzling Flash, Fulminant Prism,
                  | Iskenderun's Mystic Blast.
     0 | D:1      | Reached XP level 1. HP: 15/15 MP: 0/0
   136 | D:1      | Reached XP level 2. HP: 19/21 MP: 0/0
   344 | D:1      | Found a faded altar of an unknown god.
   373 | D:1      | Reached XP level 3. HP: 23/26 MP: 0/0
   373 | D:1      | Learned a level 1 spell: Necrotise
   946 | D:2      | Reached skill level 1 in Fighting
  1087 | D:2      | Reached XP level 4. HP: 31/32 MP: 0/0
  1090 | D:2      | Noticed Robin
  1100 | D:2      | Killed Robin
  1198 | D:2      | Reached skill level 1 in Armour
  1421 | D:2      | Noticed Terence
  1432 | D:2      | Killed Terence
  1433 | D:2      | Reached skill level 2 in Fighting
  1433 | D:2      | Reached XP level 5. HP: 33/38 MP: 0/0
  1433 | D:2      | Learned a level 2 spell: Passwall
  1818 | D:3      | Found a bloodstained altar of Trog.
  1874 | D:3      | Noticed Ijyb
  1875 | D:3      | Found a hazy altar of Hepliaklqana.
  1880 | D:3      | Killed Ijyb
  2056 | D:3      | Found a glowing drain.
  2079 | Sewer    | Entered a sewer
  2268 | Sewer    | Reached XP level 6. HP: 42/45 MP: 0/0
  2309 | Sewer    | Reached skill level 3 in Fighting
  2616 | D:3      | Noticed Grinder
  2686 | D:3      | Noticed Natasha
  2690 | D:3      | Killed Natasha
  2881 | D:3      | Reached XP level 7. HP: 49/50 MP: 0/0
  2881 | D:3      | Learned a level 2 spell: Wereblood
  3250 | D:4      | Noticed Sigmund
  3257 | D:4      | Killed Sigmund
  3258 | D:4      | Reached skill level 4 in Fighting
  3258 | D:4      | Reached skill level 1 in Evocations
  3627 | D:4      | Identified the +10 long sword "Kicimim" {venom, rElec Will-
                  | Int+6}
  3653 | D:4      | Identified the +0 leather armour of a bailey {rF+ Str+2
                  | Int+5}
  3667 | D:4      | Found a shadowy altar of Dithmenos.
  3722 | D:4      | Noticed Edmund
  3732 | D:4      | Killed Edmund
  3733 | D:4      | Reached skill level 5 in Spellcasting
  3733 | D:4      | Reached XP level 8. HP: 48/58 MP: 0/0
  3958 | D:5      | Entered Level 5 of the Dungeon
  3974 | D:5      | Identified a scroll of acquirement
  3974 | D:5      | Acquired the ring of Haczofaqa {rN++ Will+ rCorr Int-3
                  | Dex+2}
  4059 | D:5      | Reached skill level 5 in Fighting
  4270 | D:5      | Found a glowing silver altar of Zin.
  4270 | D:5      | Found a glowing golden altar of the Shining One.
  4270 | D:5      | Found a white marble altar of Elyvilon.
  4338 | D:5      | Found a sand-covered staircase.
  4345 | Ossuary  | Entered an ossuary
  4714 | Ossuary  | Noticed a flying skull
  4714 | Ossuary  | Noticed a wraith
  4746 | Ossuary  | Noticed a flying skull
  4747 | Ossuary  | Noticed a flying skull
  4800 | Ossuary  | Noticed a wraith
  4802 | Ossuary  | Killed a wraith
  4803 | Ossuary  | Reached XP level 9. HP: 60/66 MP: 0/0
  4803 | Ossuary  | Learned a level 4 spell: Animate Dead
  4820 | Ossuary  | Reached skill level 6 in Fighting
  5219 | D:5      | Found an opulent altar of Gozag.
  5673 | D:3      | Noticed Natasha
  5677 | D:3      | Killed Natasha
  5710 | D:3      | Found a hazy altar of Hepliaklqana.
  5747 | D:3      | Killed Grinder
  5772 | D:3      | Noticed Natasha
  5777 | D:3      | Killed Natasha
  5778 | D:3      | Reached skill level 7 in Fighting
  5871 | D:3      | Found a bloodstained altar of Trog.
  6072 | D:6      | Noticed Maggie
  6075 | D:6      | Killed Maggie
  6267 | D:6      | Noticed Pikel
  6280 | D:6      | Killed Pikel
  6281 | D:6      | Reached skill level 1 in Polearms
  6281 | D:6      | Reached XP level 10. HP: 61/76 MP: 0/0
  6660 | D:6      | Noticed Menkaure
  6672 | D:6      | Killed Menkaure
  6673 | D:6      | Reached skill level 8 in Fighting
  7129 | D:6      | Found a blossoming altar of Fedhas.
  7216 | D:7      | Found a flagged portal.
  7408 | Bailey   | Entered a bailey
  7445 | Bailey   | Reached skill level 5 in Evocations
  7621 | Bailey   | Noticed an orc knight
  7621 | Bailey   | Noticed an orc knight
  7704 | Bailey   | Noticed an orc knight
  7775 | Bailey   | Killed an orc knight
  7776 | Bailey   | Reached skill level 5 in Armour
  7934 | Bailey   | Killed an orc knight
  8035 | Bailey   | Killed an orc knight
  8172 | Bailey   | Identified the +1 cloak of Gestures {Rampage Slay+2}
  8227 | D:7      | Found an iron altar of Okawaru.
  8419 | D:7      | Reached skill level 9 in Fighting
  8502 | D:7      | Reached XP level 11. HP: 78/84 MP: 0/0
  8502 | D:7      | Learned a level 4 spell: Passage of Golubria
  8697 | D:7      | Found a staircase to the Ecumenical Temple.
  8706 | Temple   | Entered the Ecumenical Temple
  8807 | Temple   | Became a worshipper of Makhleb the Destroyer
  9318 | D:8      | Noticed Erica
  9335 | D:8      | Killed Erica
  9421 | D:8      | Reached skill level 1 in Shields
  9421 | D:8      | Reached skill level 1 in Invocations
  9535 | D:8      | Found a basalt altar of Yredelemnul.
  9596 | D:8      | Noticed a cyclops
  9614 | D:8      | Killed a cyclops
  9644 | D:8      | Noticed a deep elf pyromancer
  9654 | D:8      | Killed a deep elf pyromancer
  9879 | D:8      | Found a staircase to the Lair.
 10416 | D:9      | Reached * piety under Makhleb
 10903 | D:9      | Noticed Amaemon
 10912 | D:9      | Killed Amaemon
 10913 | D:9      | Reached skill level 10 in Fighting
 11430 | D:10     | Entered Level 10 of the Dungeon
 11454 | D:10     | Reached XP level 12. HP: 68/91 MP: 0/0
 11672 | D:10     | Found a sacrificial altar of Ru.
 11923 | Lair:1   | Entered Level 1 of the Lair of Beasts
 12049 | Lair:1   | Noticed Harold
 12057 | Lair:1   | Killed Harold
 12066 | Lair:1   | Reached ** piety under Makhleb
 12255 | Lair:1   | Noticed a death yak
 12256 | Lair:1   | Noticed a death yak
 12256 | Lair:1   | Noticed a death yak
 12256 | Lair:1   | Noticed a death yak
 12257 | Lair:1   | Noticed a death yak
 12278 | Lair:1   | Killed a death yak
 12279 | Lair:1   | Reached skill level 11 in Fighting
 12291 | Lair:1   | Killed a death yak
 12303 | Lair:1   | Killed a death yak
 12303 | Lair:1   | Killed a death yak
 12305 | Lair:1   | Killed a death yak
 12748 | Lair:2   | Reached skill level 5 in Polearms
 12748 | Lair:2   | Reached XP level 13. HP: 97/99 MP: 0/0
 12748 | Lair:2   | Learned a level 5 spell: Alistair's Intoxication
 12930 | Lair:2   | Reached *** piety under Makhleb
 12947 | Lair:2   | Reached skill level 5 in Shields
 12950 | Lair:2   | Reached skill level 5 in Invocations
 13455 | Lair:2   | Reached skill level 12 in Fighting
 13464 | Lair:2   | Reached skill level 10 in Spellcasting
 13856 | Lair:3   | Noticed a catoblepas
 13913 | Lair:3   | Found a hole to the Spider Nest.
 13979 | Lair:3   | Found a staircase to the Swamp.
 13996 | Lair:3   | Found a gate leading to a gauntlet.
 14017 | Gauntlet | Entered a Gauntlet
 14017 | Gauntlet | Found a transporter.
 14017 | Gauntlet | Found a transporter.
 14017 | Gauntlet | Found a transporter.
 14021 | Gauntlet | Found a transporter.
 14021 | Gauntlet | Found a transporter.
 14021 | Gauntlet | Found a transporter.
 14031 | Gauntlet | Found a transporter.
 14035 | Gauntlet | Found a transporter.
 14037 | Gauntlet | Noticed a catoblepas
 14045 | Gauntlet | Found a transporter.
 14117 | Gauntlet | Noticed a catoblepas
 14148 | Gauntlet | Found a transporter.
 14152 | Gauntlet | Found a transporter.
 14164 | Gauntlet | Found a transporter.
 14362 | Gauntlet | Reached **** piety under Makhleb
 14375 | Gauntlet | Identified the +2 cloak of Hipn {+Blink}
 14394 | Gauntlet | Identified the +5 war axe of Ymudgh {freeze, rPois}
 14394 | Gauntlet | Identified the amulet "Nottiat" {Regen+ Str+4}
 14394 | Gauntlet | Noticed a minotaur
 14422 | Gauntlet | Killed a minotaur
 14849 | Lair:3   | Noticed Nessos
 14854 | Lair:3   | Noticed a catoblepas
 14991 | Lair:3   | Killed Nessos
 15009 | Lair:3   | Killed a catoblepas
 15424 | Lair:3   | Reached XP level 14. HP: 106/108 MP: 0/0
 15904 | Lair:4   | Found a runed translucent gate.
 15907 | Lair:4   | Found a runed translucent gate.
 15909 | Lair:4   | Found a runed translucent gate.
 15922 | Lair:4   | Noticed a minotaur
 15922 | Lair:4   | Noticed zishaf's ghost (journeyman DgWn)
 15992 | Lair:4   | Reached skill level 13 in Fighting
 16217 | Lair:4   | Reached ***** piety under Makhleb
 16796 | Lair:4   | Killed a minotaur
 16814 | Lair:4   | Killed zishaf's ghost
 17137 | D:11     | Found a staircase to the Orcish Mines.
 18046 | D:12     | Noticed Snorg
 18059 | D:12     | Killed Snorg
 18248 | D:12     | Found a runed translucent door.
 18725 | D:12     | Identified the +5 whip of the Demagogue {vorpal, rElec
                  | rPois rF+}
 18727 | D:12     | Found a runed translucent gate.
 18727 | D:12     | Found a runed translucent gate.
 18727 | D:12     | Found a runed translucent gate.
 18727 | D:12     | Found a runed translucent gate.
 18727 | D:12     | Found a runed translucent gate.
 18727 | D:12     | Found a runed translucent gate.
 18749 | D:12     | Reached XP level 15. HP: 100/115 MP: 0/0
 18749 | D:12     | Learned a level 6 spell: Statue Form
 18789 | D:12     | Identified the ring of Deuzarph {Int+6 Stlth+}
 18933 | D:13     | Reached ****** piety under Makhleb
 19792 | D:13     | Upgraded the game from 0.30-a0-475-g03497ec522 to
                  | 0.30-a0-476-g330ca2eb8e
 19862 | D:14     | Reached skill level 14 in Fighting
 20166 | D:14     | Identified the +1 barding "Gogi" {*Corrode Str+5}
 20238 | D:14     | Found a gate to the Vaults.
 20678 | D:15     | Entered Level 15 of the Dungeon
 21017 | D:15     | Found a staircase to the Depths.
 21259 | D:15     | Reached XP level 16. HP: 61/124 MP: 0/0
 21380 | D:15     | Found a runed translucent gate.
 21381 | D:15     | Found a runed translucent gate.
 21381 | D:15     | Found a runed translucent gate.
 21382 | D:15     | Noticed Ikywk's ghost (journeyman SpEn)
 21383 | D:15     | Noticed Huashrat's ghost (adept FoFi)
 21816 | D:15     | Killed Ikywk's ghost
 21842 | D:15     | Killed Huashrat's ghost
 22249 | Lair:5   | Entered Level 5 of the Lair of Beasts
 22476 | Lair:5   | Reached skill level 15 in Fighting
 22493 | Lair:5   | Found a staircase to the Slime Pits.
 22493 | Lair:5   | Found a viscous altar of Jiyva.
 23306 | Lair:5   | Found a corrupted altar of Lugonu.
 23306 | Lair:5   | Found a one-way gate to the infinite horrors of the Abyss.
 23821 | Orc:1    | Entered Level 1 of the Orcish Mines
 23919 | Orc:2    | Entered Level 2 of the Orcish Mines
 23969 | Orc:2    | Found a flickering gateway to a bazaar.
 23975 | Bazaar   | Entered a bazaar
 23988 | Bazaar   | Found Fastuuva's Antique Weapon Emporium.
 24003 | Bazaar   | Found Igoad's Antique Weapon Shoppe.
 24018 | Bazaar   | Found Yvipt's Antique Armour Shoppe.
 24030 | Bazaar   | Found Emna Ziuggutz's Antique Armour Emporium.
 24053 | Bazaar   | Bought an ancient robe for 153 gold pieces
 24053 | Bazaar   | Identified the +1 robe of the Wilderness {rF++ rC- Regen+
                  | Archmagi} (You bought it in a shop in a bazaar)
 24063 | Bazaar   | Bought a heavily runed buckler for 209 gold pieces
 24063 | Bazaar   | Identified the +1 buckler of Fudit {Fly SInv} (You bought
                  | it in a shop in a bazaar)
 24104 | Orc:2    | Found a staircase to the Elven Halls.
 24173 | Orc:2    | Found Eptewkicw's General Store.
 24173 | Orc:2    | Found Beofuwyija's Weapon Boutique.
 24176 | Orc:2    | Found Inet's Book Shoppe.
 24176 | Orc:2    | Found Ejun's Book Boutique.
 24687 | Orc:1    | Found an iron altar of Okawaru.
 25079 | Spider:1 | Entered Level 1 of the Spider Nest
 25100 | Spider:1 | Reached XP level 17. HP: 131/131 MP: 0/0
 25100 | Spider:1 | Learned a level 6 spell: Eringya's Noxious Bog
 25209 | Spider:1 | Found a transporter.
 25246 | Spider:1 | Noticed Arachne
 25270 | Spider:1 | Found a transporter.
 25414 | Spider:1 | Noticed Pesouf's ghost (adept MfHs)
 25444 | Spider:1 | Killed Arachne
 25854 | Spider:2 | Noticed Agnes
 25872 | Spider:2 | Killed Agnes
 25873 | Spider:2 | Reached skill level 16 in Fighting
 26896 | Spider:3 | Reached skill level 5 in Dodging
 26939 | Spider:3 | Reached skill level 10 in Shields
 27118 | Spider:3 | Noticed Azrael
 27144 | Spider:3 | Killed Azrael
 27232 | Spider:3 | Reached skill level 10 in Invocations
 27755 | Spider:4 | Entered Level 4 of the Spider Nest
 27860 | Spider:4 | Reached XP level 18. HP: 128/141 MP: 0/0
 28646 | Spider:4 | Got a gossamer rune of Zot
 28666 | Spider:4 | Identified the +0 pair of gloves of Ru's Respect {rPois
                  | rN+}
 28812 | Swamp:1  | Entered Level 1 of the Swamp
 28966 | Swamp:1  | Noticed Kirke
 28968 | Swamp:1  | Noticed Nikola
 29049 | Swamp:1  | Reached skill level 17 in Fighting
 29111 | Swamp:1  | Killed Kirke
 29392 | Swamp:1  | Killed Nikola
 29955 | Swamp:2  | Noticed Aizul
 29979 | Swamp:2  | Killed Aizul
 29980 | Swamp:2  | Reached XP level 19. HP: 114/148 MP: 0/0
 29980 | Swamp:2  | Learned a level 7 spell: Enfeeble
 30168 | Swamp:3  | Found a transporter.
 30170 | Swamp:3  | Noticed logorrheac's ghost (journeyman MiBe)
 30200 | Swamp:3  | Noticed Mlioglotl
 30215 | Swamp:3  | Killed Mlioglotl
 30270 | Swamp:3  | Noticed Mara
 30281 | Swamp:3  | Noticed Mitcholas's illusion
 30292 | Swamp:3  | Killed Mara
 30691 | Swamp:3  | Found a transporter.
 30927 | Swamp:3  | Killed logorrheac's ghost
 30951 | Swamp:3  | Reached XP level 20. HP: 157/157 MP: 0/0
 30990 | Swamp:4  | Entered Level 4 of the Swamp
 31016 | Swamp:4  | Reached skill level 10 in Polearms
 31101 | Swamp:4  | Noticed a tentacled monstrosity
 31112 | Swamp:4  | Reached skill level 18 in Fighting
 31117 | Swamp:4  | Killed a tentacled monstrosity
 31201 | Swamp:4  | Got a decaying rune of Zot
 31384 | Swamp:4  | Found a runed translucent gate.
 31384 | Swamp:4  | Noticed Frod's ghost (adept HuHs)
 31385 | Swamp:4  | Found a runed translucent gate.
 31386 | Swamp:4  | Found a runed translucent gate.
 31386 | Swamp:4  | Identified the amulet of Ytoisaal {Acrobat +Blink rPois
                  | rN++ rCorr}
 31626 | Swamp:4  | Killed Frod's ghost
 31948 | Elf:1    | Entered Level 1 of the Elven Halls
 32023 | Elf:1    | Reached XP level 21. HP: 160/163 MP: 0/0
 32023 | Elf:1    | Learned a level 8 spell: Lehudib's Crystal Spear
 32138 | Elf:1    | You are sucked into a shaft and drop 1 floor!
 32492 | Elf:1    | Paralysed by an air elemental for 1 turns
 32661 | Elf:1    | Reached skill level 15 in Spellcasting
 33454 | Elf:2    | Found a runed translucent gate.
 33454 | Elf:2    | Found a runed translucent gate.
 33454 | Elf:2    | Found a runed translucent gate.
 33632 | Elf:3    | Entered Level 3 of the Elven Halls
 33649 | Elf:3    | Paralysed by an air elemental for 1 turns
 33664 | Elf:3    | Paralysed by an air elemental for 1 turns
 33791 | Elf:3    | Found a frozen archway.
 33807 | IceCv    | Entered an ice cave
 34032 | IceCv    | Reached skill level 19 in Fighting
 34127 | IceCv    | Reached XP level 22. HP: 172/172 MP: 0/0
 34163 | IceCv    | Found a viscous altar of Jiyva.
 34214 | IceCv    | Identified the +1 pair of boots "Coweg" {rElec rF++}
 34879 | Elf:3    | Identified the +0 shortbow of Wafoisos {flame, *Slow rN+
                  | Dex+4}
 34920 | Elf:3    | Identified the +11 arbalest "Liluhedya" {elec, *Corrode
                  | Will++ Str+4 Stlth+}
 35113 | Elf:3    | Identified the +5 morningstar of Jyuz {vamp, Fly rC- Dex+5
                  | SInv}
 35113 | Elf:3    | Identified the +2 robe of Privacy {Will- rCorr Stlth+}
 35367 | Elf:3    | Identified the +1 cloak of Xeerur {Fly rF- Will+++ Int+3}
 35689 | Vaults:1 | Entered Level 1 of the Vaults
 36071 | Vaults:1 | Reached skill level 20 in Fighting
 36112 | Vaults:1 | Reached XP level 23. HP: 180/180 MP: 0/0
 36112 | Vaults:1 | Learned a level 8 spell: Infestation
 36891 | Vaults:2 | Noticed Jory
 36910 | Vaults:2 | Killed Jory
 36947 | Vaults:2 | Noticed Asterion
 36960 | Vaults:2 | Killed Asterion
 37436 | Vaults:2 | Found Funloobb's Weapon Shoppe.
 37530 | Vaults:2 | Noticed Saint Roka
 37538 | Vaults:2 | Killed Saint Roka
 37587 | Vaults:2 | Noticed Donald
 37590 | Vaults:2 | Killed Donald
 38273 | Vaults:3 | Noticed an ancient lich
 38285 | Vaults:3 | Killed an ancient lich
 38431 | Vaults:3 | Noticed Zenata
 38461 | Vaults:3 | Killed Zenata
 38468 | Vaults:3 | Reached skill level 21 in Fighting
 38476 | Vaults:3 | HP: 7/177 [tengu reaver/bolt of negative energy (12)]
 38494 | Vaults:3 | Gained mutation: Your body sometimes deteriorates upon
                  | taking damage. [a cacodemon]
 38494 | Vaults:3 | HP: 4/181 [tentacled monstrosity (6)]
 38494 | Vaults:3 | Slain by a tentacled monstrosity

Illustrated notes

Levels and vault maps discovered:
D:1:      psy_arrival_radial02, layout_loops_ring,
          chequers_ecumenical_altar_island
D:2:      layout_basic, kennysheep_generic_room_4, uniq_terence, uniq_robin
D:3:      layout_basic, nzn_overflow_gifts_of_might_and_magic,
          mainiacjoe_overflow_catch_the_wave, cheibrodos_sewer_entry_bend,
          minmay_misc_feat_cross, uniq_grinder, uniq_ijyb, uniq_natasha
D:4:      layout_rooms, nicolae_overflow_hidden_temple, hangedman_decor_points,
          uniq_sigmund, uniq_edmund
D:5:      layout_basic, dreamdust_divine_triumvirate, kennysheep_mini_moat,
          enter_ossuary_4
D:6:      layout_cave_pods, kennysheep_little_box, uniq_menkaure, uniq_maggie,
          uniq_pikel
D:7:      layout_basic, amcnicky_altar_gilded, minmay_temple_entry_antechambers,
          enter_bailey_4
D:8:      minmay_cornered_nines, layout_basic,
          yredelemnul_forgotten_temple_becter, erik_lair_dragon,
          hangedman_decor_growths, uniq_erica
D:9:      layout_grid_maze, uniq_amaemon
D:10:     layout_cross, nicolae_ru_the_path_less_chosen
D:11:     layout_long_grid, david_orc_5
D:12:     gammafunk_indiana_jones, layout_long_grid, eino_tiny_chamber,
          uniq_snorg
D:13:     minmay_angry_zag, layout_grid_maze
D:14:     layout_stronghold, david_vaults_2
D:15:     gammafunk_enter_depths_forms, layout_loops_ring, nicolae_two_hexagons,
          gammafunk_ghost_cemetery, wad_mini_maze
Temple:   pf_slimified_temple
Lair:1:   layout_hall_layers, uniq_harold
Lair:2:   lemuel_reptile_caves, layout_regular_city, wad_woods_03
Lair:3:   nzn_winding_woodlands_medium [nzn_winding_woodlands_hourglass,
          nzn_winding_woodlands_5x15_split_checker,
          nzn_winding_woodlands_5x5_open_star,
          nzn_winding_woodlands_5x5_checkerboard,
          nzn_winding_woodlands_center_triple_pond,
          nzn_winding_woodlands_5x5_closed_star,
          nzn_winding_woodlands_5x5_three, nzn_winding_woodlands_5x15_eye,
          nzn_winding_woodlands_5x5_default], layout_regular_city, swamp_mist,
          spider_nest_entry_web_field, gauntlet_entry_generic, uniq_nessos
Lair:4:   beast_lair_carwin_large_2, layout_layer_cave,
          maelrawn_ghost_gauntlet_escape, st_stairs_6,
          chequers_serial_rivers_micro_c
Lair:5:   hellmonk_lair_end_abyssal_woods, layout_regular_city, slime_entry_1
Swamp:1:  layout_basic_swamp, serial_swamp_ruin, hangedman_swamp_ruin_wall,
          evilmike_swamp_ruin_house_1, swamp_pool4, uniq_nikola, uniq_kirke
Swamp:2:  layout_basic_swamp, evilmike_swamp_ruin_house_3, st_swamp_ruins_3,
          uniq_aizul
Swamp:3:  nicolae_swamp_ascending_descending, layout_falls_marsh,
          gammafunk_ghost_mausoleum, hangedman_swamp_cone,
          hangedman_swamp_grove, uniq_mlioglotl, uniq_mara
Swamp:4:  swamp_alternative, layout_basic_swamp, gammafunk_ghost_split,
          infiniplex_staircase_pool_2
Spider:1: layout_spider_delve, nzn_ghost_randoct
Spider:2: layout_chambers, nicolae_spider_cling_halls, uniq_agnes
Spider:3: nicolae_spider_hilbert_zone_5 [nicolae_spider_hilbert_3_sides_1_open,
          nicolae_spider_hilbert_4_sides_1_open,
          nicolae_spider_hilbert_4_sides_1_open,
          nicolae_spider_hilbert_6_sides_1_open,
          nicolae_spider_hilbert_6_sides_1_open],
          hangedman_spider_tarantella_strand, uniq_azrael
Spider:4: guppyfry_spider_rune, nicolae_spider_nooks_and_crannies
Orc:1:    layout_caves, okawaru_metal_pillars_1_2
Orc:2:    grunt_orc_tribal_feast, layout_caves, serial_shops, bzr_entry_road,
          minmay_orc_temple_a
Elf:1:    layout_geoelf_grid, minivault_28, nicolae_wwwww
Elf:2:    elven_hall_of_blades_hangedman_original
          [nicolae_blade_entry_floor_patterns], layout_gridlike
Elf:3:    minmay_elf_hall_statues, layout_geoelf_octagon,
          portal_ice_cave_entry_ice_simulacra, special_room
          [special_room_mythical_zoo], minmay_misc_feat_rows,
          nicolae_elf_glass_and_crystal_pillar_1, laboratory, grunt_megastairs_2
Vaults:1: hangedman_vaults_snaps, nicolae_vaults_statue_guard,
          nicolae_vaults_network_star, nicolae_vaults_network_periphery,
          nicolae_vaults_diagonal_hallway_6, nicolae_vaults_angled_halls,
          nicolae_vaults_shelves_hall, hangedman_vaults_river_flow,
          nicolae_vaults_twisting_passages, ontoclasm_vaults_ring_square,
          nicolae_vaults_mini_display_case, nicolae_vaults_asterisk,
          ontoclasm_vaults_ring_square, vaults_dpeg_encased_lava, v_misc_15,
          layout_vaults_omnibox
Vaults:2: vaults_standard_mumra_lines, nicolae_vaults_network_quinsquares
          [nicolae_vaults_network_quincunx_subvault,
          nicolae_vaults_network_quincunx_subvault,
          nicolae_vaults_network_quincunx_subvault,
          nicolae_vaults_network_quincunx_subvault], vaults_mumra_lcd,
          vaults_dpeg_ring, v_misc_1, nicolae_vaults_little_ls,
          nicolae_vaults_rhombus_7, vaults_room_corners,
          nicolae_vaults_sealed_display, v_misc_27,
          nicolae_vaults_ring_of_whatevers, vaults_room_pool,
          layout_vaults_big_room, serial_shops,
          nicolae_shop_bloodbath_and_beyond, uniq_asterion, uniq_saint_roka,
          uniq_jory, uniq_donald
Vaults:3: ploomutoo_gammafunk_ghost_potion_laboratory, hangedman_vaults_locks,
          dpeg_vaults_waves, nicolae_vaults_back_hallway,
          hangedman_vaults_nodes, nicolae_vaults_diagonal_hallway_7,
          hangedman_vaults_slice, ontoclasm_vaults_hangar,
          blue_anna_dwarven_crypt, ontoclasm_vaults_decontamination,
          nicolae_vaults_theta, ontoclasm_vaults_claustrophobia,
          nicolae_vaults_little_squares_6, layout_vaults_omnicross, uniq_zenata

Skill      XL: |  1  2  3  4  5  6  7  8  9 10 11 12 13 14 15 16 17 18 19 20 21 22 23 |
---------------+----------------------------------------------------------------------+-----
Stealth        | 2 |  2.0
Fighting       | 1 2 3 4 5 7 9 10 11 12 13 14 15 16 17 18 19 20 21 | 21.0
Armour         | 1 2 3 4 5 6 |  6.0
Dodging        | 3 5 7 8 |  8.0
Spellcasting   | 4 5 6 7 8 9 10 11 12 13 14 16 17 18 | 18.8
Evocations     | 1 3 4 5 6 7 8 |  8.0
Polearms       | 1 2 3 5 6 7 8 9 10 11 | 11.0
Shields        | 2 4 5 7 8 9 10 11 12 13 | 13.1
Invocations    | 2 4 5 7 8 9 10 11 12 | 12.0

Action                   |  1- 3 |  4- 6 |  7- 9 | 10-12 | 13-15 | 16-18 | 19-21 | 22-24 || total
-------------------------+-------+-------+-------+-------+-------+-------+-------+-------++-------
Melee: Lance             |       |       |     4 |    40 |   193 |    82 |    16 |     2 ||   337
Throw: Dart              |       |       |     1 |       |       |     9 |       |       ||    10
 Cast: Magic Dart        |    72 |    33 |    61 |   100 |    62 |    34 |    35 |     1 ||   398
       Necrotise         |       |    75 |       |       |       |       |       |       ||    75
       Searing Ray       |       |     4 |    38 |    68 |    89 |    56 |    14 |     6 ||   275
       Fulminant Prism   |       |       |    10 |    64 |    63 |    23 |    15 |    20 ||   195
       Iskenderun's Myst |       |       |     3 |    58 |   407 |   832 |   532 |   395 ||  2227
       Alistair's Intoxi |       |       |       |       |     1 |       |       |       ||     1
       Eringya's Noxious |       |       |       |       |       |    10 |    16 |       ||    26
       Lehudib's Crystal |       |       |       |       |       |       |       |   113 ||   113
       Infestation       |       |       |       |       |       |       |       |     7 ||     7
Invok: Major Destruction |       |       |       |       |       |     4 |       |       ||     4
 Abil: Evoke Blink       |       |       |       |       |       |     4 |     3 |       ||     7
Evoke: Wand              |       |     2 |     9 |     7 |     3 |     4 |     8 |       ||    33
       Box of beasts     |       |       |       |       |       |       |       |     1 ||     1
  Use: Scroll            |       |     3 |    14 |     9 |     8 |     5 |     1 |     2 ||    42
       Potion            |       |       |       |       |     2 |     5 |     1 |     4 ||    12
 Stab: Sleeping          |       |       |       |       |       |     1 |       |       ||     1
Armor: Robe              |     1 |     2 |     2 |       |       |       |       |       ||     5
       Leather armour    |       |       |     9 |     9 |       |       |       |       ||    18
       Troll leather arm |       |       |       |    27 |   147 |   198 |    87 |    35 ||   494
Dodge: Dodged            |     5 |    11 |    20 |    45 |   136 |   164 |    73 |    79 ||   533
Block: Other             |       |       |     9 |    19 |    15 |       |       |       ||    43
       Reflection        |       |       |       |     2 |     2 |       |       |       ||     4
       Buckler           |       |       |       |       |    69 |    44 |    41 |    47 ||   201
       Tower shield      |       |       |       |       |       |   266 |    88 |       ||   354

Table legend: (Time is in decaauts)
 A = Elapsed time spent in this place.
 B = Non-inter-level travel time spent in this place.
 C = Inter-level travel time spent in this place.
 D = Time resting spent in this place.
 E = Time spent auto-exploring this place.
 F = Levels seen in this place.
 G = Mean time per level.
                   A        B        C        D        E       F      G
               +--------+--------+--------+--------+--------+-----+--------+
         Total |  38480 |  35061 |   3419 |   3720 |  20708 |  43 |  894.9 |
       Dungeon |  15510 |  13655 |   1855 |   1369 |   9591 |  15 | 1034.0 |
        Temple |    105 |    105 |      0 |      0 |     78 |   1 |  105.0 |
          Lair |   6190 |   5407 |    783 |    341 |   3310 |   5 | 1238.0 |
         Swamp |   2894 |   2714 |    180 |    237 |   1472 |   4 |  723.5 |
   Spider Nest |   3709 |   3494 |    215 |    118 |   2278 |   4 |  927.2 |
  Orcish Mines |    981 |    881 |    100 |      0 |    587 |   2 |  490.5 |
   Elven Halls |   3122 |   2913 |    209 |    371 |   1177 |   3 | 1040.7 |
        Vaults |   2806 |   2731 |     75 |    278 |   1558 |   3 |  935.3 |
        Bazaar |    112 |    112 |      0 |      0 |     58 |   1 |  112.0 |
         Sewer |    493 |    493 |      0 |     43 |    287 |   1 |  493.0 |
       Ossuary |    746 |    746 |      0 |    421 |     28 |   1 |  746.0 |
        Bailey |    800 |    800 |      0 |    426 |     53 |   1 |  800.0 |
      Ice Cave |    482 |    482 |      0 |     47 |     70 |   1 |  482.0 |
      Gauntlet |    522 |    522 |      0 |     69 |    161 |   1 |  522.0 |
               +--------+--------+--------+--------+--------+-----+--------+

Top non-repeatable levels by time:
     D:3: 1529 daAuts
     D:8: 1501 daAuts
   Elf:3: 1426 daAuts
  Lair:3: 1384 daAuts
     D:6: 1363 daAuts
  Lair:5: 1351 daAuts
     D:9: 1302 daAuts
  Lair:2: 1256 daAuts
    D:15: 1244 daAuts
  Lair:4: 1242 daAuts
Vaults:2: 1220 daAuts
Spider:2: 1190 daAuts
Vaults:1: 1153 daAuts
    D:12: 999 daAuts
    D:13: 977 daAuts
